AoeStats
← DR DANKEL

Arabia

508905529Analyzed
1v1 RM · 9d ago on Sep 24, 2026· 32m 41s· 2 players
Game mode
Random Map
Map size
Tiny (2 player)
Population
200
Speed
Normal
Resources
Standard
Victory
Conquest
Starting age
Dark Age
Ending age
Imperial Age
RankedLock teamsTeams togetherTeam positionsShared explorationLock speedFull tech treeHidden civsTurbo modeCheats
Victory
Defeat
🇺🇸 Varangians · United States
1086
+15
🇸🇪 Byzantines · Sweden
1066
-15
DR DANKEL
5:47 Loom
9:29 Feudal Age
10:08 Double-Bit Axe
13:46 Horse Collar
16:38 Wheelbarrow
17:29 Fletching
22:52 Castle Age
21:31 Gold Mining
23:21 Scale Barding Armor
23:26 Forging
28:19 Scale Mail Armor
28:39 Hand Cart
29:11 Bow Saw
29:31 Squires
29:57 Sanctity
30:28 Gold Shaft Mining
29:33 Pikeman
32:41 Heavy Plow
sksarthak
6:58 Loom
7:05 Loom
9:13 Feudal Age
10:10 Double-Bit Axe
11:32 Bloodlines
17:58 Wheelbarrow
21:04 Castle Age
20:20 Forging
20:16 Scale Barding Armor
20:17 Gold Mining
20:08 Horse Collar
22:42 Chain Barding Armor
27:20 Husbandry
30:17 Devotion
33:21 Iron Casting
Connection lost

Rejoining the realm…

Still unreachable

The connection could not be restored.

Session expired

The server has moved on; the page needs a fresh start.